 Dungeon Crawl Stone Soup version 0.31-a0-1300-gb6740aa4e6 (webtiles) character file.

Game seed: 3424849195959284098

9275 benadryl the Destroyer (level 11, -1/83 HPs)
             Began as a Yellow Draconian Conjurer on Dec 18, 2023.
             Was a Believer of Sif Muna.
             Killed from afar by a rime drake (20 damage)
             ... with an icy flash freeze
             ... on level 1 of the Lair of Beasts.
             The game lasted 00:31:46 (15047 turns).

benadryl the Destroyer (Yellow Draconian Conjurer) Turns: 15047, Time: 00:31:47

Health: -1/83      AC:  9    Str:  9    XL:     11   Next: 20%
Magic:  10/30      EV: 17    Int: 22    God:    Sif Muna [**....]
Gold:   405        SH:  0    Dex: 11    Spells: 9/24 levels left

rFire   . . .        o - +0 short sword (vamp)
rCold   . . .        (no shield)
rNeg    . . .        (body armour unavailable)
rPois   .            h - +2 hat
rElec   .            (no cloak)
rCorr   +            (no gloves)
SInv    .            (no boots)
Will    .....        v - amulet of regeneration
Stlth   ++           j - +5 ring of evasion
HPRegen 1.13/turn    m - ring of magical power
MPRegen 0.22/turn

%: no passive effects
@: short of breath
A: spit acid, AC +7, unfitting armour, cold-blooded, acid resistance
a: Breathe Acid, Renounce Religion, Channel Magic


You were on level 1 of the Lair of Beasts.
You worshipped Sif Muna.
Sif Muna was pleased with you.
You visited 3 branches of the dungeon, and saw 12 of its levels.

You collected 405 gold pieces.

Inventory:

Hand Weapons
 n - a +5 trident
 o - a +0 vampiric short sword (weapon)
 t - a +4 trident of draining
Armour
 d - an orb of energy
 h - a +2 hat (worn)
Jewellery
 a - a ring of resist corrosion
 j - a +5 ring of evasion (left hand)
 m - a ring of magical power (right hand)
 q - a +4 ring of slaying
 v - an amulet of regeneration (around neck)
 w - a ring of ice
Wands
 s - a wand of flame (10)
 y - a wand of mindburst (5)
 z - a wand of quicksilver (5)
Scrolls
 f - a scroll of poison
 r - a scroll of fog
 u - a scroll of teleportation
 x - a scroll of enchant weapon
 A - a scroll of blinking
Potions
 b - 6 potions of attraction
 c - 4 potions of heal wounds
 e - 2 potions of curing {unknown}
 g - 6 potions of brilliance
 i - a potion of ambrosia {unknown}
 k - 2 potions of lignification
 l - a potion of might {unknown}
 p - a potion of mutation {unknown}
 B - a potion of berserk rage {unknown}


   Skills:
 - Level 3.7 Fighting
 - Level 1.7 Dodging
 - Level 1.7 Stealth
 - Level 7.1 Spellcasting
 + Level 11.0 Conjurations
 - Level 5.0 Hexes
 - Level 5.0 Ice Magic
 - Level 7.4 Air Magic
 - Level 5.0 Invocations


You had 9 spell levels left.
You knew the following spells:

 Your Spells              Type           Power      Damage    Failure   Level
a - Magic Dart            Conj           100%       1d8       1%          1
b - Searing Ray           Conj           100%       2d8       1%          2
c - Mephitic Cloud        Conj/Pois/Air  35%        N/A       1%          3
d - Fulminant Prism       Conj/Hex       21%        3d12      3%          4
e - Freezing Cloud        Conj/Ice/Air   21%        6-21      9%          5

Your spell library contained the following spells:

 Spells                   Type           Power      Damage    Failure   Level
 Kiss of Death            Conj/Necr      100%       2d13      1%          1
 Dazzling Flash           Conj/Hex       86%        N/A       1%          3
 Poisonous Vapours        Pois/Air       48%        N/A       2%          2
 Confusing Touch          Hex            29%        N/A       3%          3
 Sting                    Tmut/Pois      28%        1d4       9%          1
 Iskenderun's Mystic Bla  Conj/Tloc      32%        2d8       9%          4
 Cause Fear               Hex            14%        N/A       11%         4
 Fireball                 Conj/Fire      16%        3d8       24%         5
 Dispel Undead            Necr           7%         3d8       63%         4
 Olgreb's Toxic Radiance  Pois           7%         N/A       63%         4
 Dragon's Call            Summ           3%         N/A       100%        9


Dungeon Overview and Level Annotations

Branches:
Dungeon (10/15)            Temple (1/1) D:6            Lair (1/5) D:10
    Orc: D:9-12

Altars:
Ashenzari
Cheibriados
Dithmenos
Elyvilon
Fedhas
Gozag
Hepliaklqana
Kikubaaqudgha
Makhleb
Nemelex Xobeh
Okawaru
Qazlal
Ru
Sif Muna
Trog
Uskayaw
Vehumet
Wu Jian
Xom
Yredelemnul
Zin
The Shining One

Annotations:
D:3 1 transporter
D:4 3 runed translucent doors, tgirl's ghost, amateur OpEn
D:5 3 runed translucent doors, Darkkill's ghost, novice MiHu


Innate Abilities, Weirdness & Mutations

You can spit globs of acid.
Your golden yellow scales are hard. (AC +7)
You cannot fit into any form of body armour.
You are cold-blooded and may be slowed by cold attacks.
You are resistant to acid. (rCorr)


Message History

(Press . to maintain the ray.)
A water moccasin comes into view.
The water moccasin hisses angrily.
Casting: Searing Ray (safe; 1% risk of failure)
Confirm with . or Enter, or press ? or * to list all spells.
Aiming: Fulminant Prism (dangerous; 3% risk of failure)
Press: ? - help, Dir - move target, f - water moccasin
Aim: a water moccasin
Okay, then.
Casting: Fulminant Prism (dangerous; 3% risk of failure)
Confirm with . or Enter, or press ? or * to list all spells.
You can't see any susceptible monsters within range! (Use Z to cast anyway.) Unknown command.
Casting: Fulminant Prism (dangerous; 3% risk of failure)
Confirm with . or Enter, or press ? or * to list all spells.
Aiming: Freezing Cloud (dangerous; 9% risk of failure)
Press: ? - help, Dir - move target, f - water moccasin
Aim: a water moccasin The water moccasin is engulfed in freezing vapours.
Press: ? - help, Shift-Dir - straight line, f/p - water moccasin
Aim: a water moccasin (freezing vapour, moderately wounded, 43% to hit)
You spit a glob of acid.
The glob of acid hits the water moccasin!
The water moccasin is almost dead.
The water moccasin is engulfed in freezing vapours.
You kill the water moccasin!
Sif Muna accepts your kill. The rime drake breathes ice at you.
The icy flash freeze hits you!
* * * LOW HITPOINT WARNING * * *
You are encased in ice.
Your Conjurations skill increases to level 11!
The ice encasing you melts away.
Aiming: Mindburst
Press: ? - help, Shift-Dir - straight line, f - rime drake
Aim: a rime drake (chance to affect: 64%)
The rime drake's mind is blasted!
The rime drake breathes ice at you. The icy flash freeze hits you!!
You die...

##......# ##.........
##..########
###..#.#P### #
####...####...#
..##.#...#.# ##..####
.....P..#### #.....#
.......### #.....##
.........# ##@....#
........## ##P....P#
.........##
##......##
..[.......###.......#
..........##.§....###
...........k§☼○.###
............§§§##
............°§##
####.........##


You could see a rime drake (catching breath).

Vanquished Creatures
  A centaur warrior (D:10)
  Pikel (D:9)
  An oklob plant (D:9)
  A cyclops (D:10)
  Joseph (D:10)
  Jeremiah (D:9)
  A cane toad (Lair:1)
  A rime drake (D:10)
  Psyche (D:8)
  A hornet (D:9)
  A shadow (D:10)
  Sigmund (D:6)
  A wyvern (D:9)
  4 vampire mosquitoes (D:9)
  3 acid dragons (D:9)
  2 water moccasins
  2 sky beasts
  3 orc warriors
  4 ice beasts
  4 ogres
  A wolf (D:10)
  A centaur (D:10)
  A lemure (D:9)
  A phantom (D:5)
  5 kobold brigands
  3 bullfrogs
  A gnoll sergeant (D:9)
  2 scorpions
  22 wights
  4 killer bees
  3 hounds
  A jelly (D:6)
  5 orc priests
  2 gnoll boudas
  An iron imp (D:7)
  5 iguanas
  4 orc wizards
  2 sleepcaps (D:5)
  16 gnolls
  4 adders
  A white imp (D:7)
  2 worms
  A dart slug (D:4)
  34 orcs
  9 ball pythons
  A bat (D:1)
  8 endoplasms
  3 giant cockroaches (D:1)
  5 goblins
  6 hobgoblins
  3 jackals (D:3)
  3 quokkas (D:2)
  A frilled lizard (D:2)
  27 kobolds
  3 rats
  4 fulminant prisms
230 creatures vanquished.

Vanquished Creatures (others)
  48 fulminant prisms
48 creatures vanquished.

Grand Total: 278 creatures vanquished

Notes
Turn   | Place    | Note
-------+----------+-------------------------------------------
     0 | D:1      | benadryl the Draconian Conjurer began the quest for the
                  | Orb.
     0 | D:1      | Reached XP level 1. HP: 14/14 MP: 3/3
   275 | D:1      | Reached XP level 2. HP: 20/20 MP: 2/5
   894 | D:1      | Noticed a great orb of eyes
   917 | D:1      | Noticed a great orb of eyes
   920 | D:1      | Found a faded altar of an unknown god.
   924 | D:1      | Noticed an eye of devastation
   926 | D:1      | Noticed a shining eye
  1241 | D:2      | Learned a level 2 spell: Searing Ray
  1259 | D:2      | Reached XP level 3. HP: 26/26 MP: 2/7
  1431 | D:2      | Reached XP level 4. HP: 33/33 MP: 3/9
  2376 | D:3      | Found a transporter.
  2434 | D:3      | Reached skill level 1 in Air Magic
  2662 | D:3      | Reached XP level 5. HP: 38/38 MP: 2/11
  2814 | D:3      | Reached skill level 5 in Conjurations
  2940 | D:3      | Noticed a small abomination
  2940 | D:3      | You fall into a shaft and drop 3 floors!
  2952 | D:6      | Noticed an ogre
  2971 | D:5      | Entered Level 5 of the Dungeon
  2994 | D:5      | Noticed a phantom
  3144 | D:5      | Killed a phantom
  3145 | D:5      | Reached XP level 6. HP: 26/45 MP: 1/12
  3329 | D:5      | Found a runed translucent gate.
  3329 | D:5      | Found a runed translucent gate.
  3330 | D:5      | Found a runed translucent gate.
  3331 | D:5      | Noticed Darkkill's ghost (novice MiHu)
  3348 | D:5      | Found a broken altar of Ashenzari.
  3406 | D:5      | Reached skill level 6 in Conjurations
  4274 | D:4      | Found a runed translucent gate.
  4274 | D:4      | Found a runed translucent gate.
  4277 | D:4      | Found a runed translucent gate.
  4278 | D:4      | Noticed tgirl's ghost (amateur OpEn)
  4565 | D:4      | Learned a level 3 spell: Mephitic Cloud
  4608 | D:4      | Your scales start taking on a golden yellow colour.
  4608 | D:4      | Reached XP level 7. HP: 50/50 MP: 13/13
  4608 | D:4      | Gained mutation: You are resistant to acid. (rCorr) [Yellow
                  | Draconian growth]
  5021 | D:5      | Reached skill level 7 in Conjurations
  5893 | D:6      | Noticed Sigmund
  5895 | D:6      | Reached skill level 8 in Conjurations
  5901 | D:6      | Killed Sigmund
  5902 | D:6      | Reached XP level 8. HP: 38/57 MP: 3/14
  6391 | D:6      | Found a shadowy altar of Dithmenos.
  6423 | D:6      | Reached skill level 9 in Conjurations
  6565 | D:6      | Reached skill level 5 in Air Magic
  6710 | D:6      | Reached skill level 1 in Hexes
  6826 | D:6      | Found a staircase to the Ecumenical Temple.
  6846 | Temple   | Entered the Ecumenical Temple
  6884 | Temple   | Became a worshipper of Sif Muna the Loreminder
  7223 | D:6      | Learned a level 4 spell: Fulminant Prism
  7391 | D:7      | Reached XP level 9. HP: 62/62 MP: 15/15
  7592 | D:7      | Reached skill level 5 in Spellcasting
  7773 | D:7      | Found a snail-covered altar of Cheibriados.
  8205 | D:7      | Reached * piety under Sif Muna
  9108 | D:8      | Reached skill level 5 in Hexes
  9108 | D:8      | Reached skill level 1 in Invocations
  9490 | D:8      | Noticed Psyche
  9852 | D:8      | Reached skill level 5 in Invocations
  9869 | D:8      | Reached skill level 1 in Fighting
 10064 | D:8      | Killed Psyche
 10904 | D:9      | Reached XP level 10. HP: 67/78 MP: 18/18
 11360 | D:9      | Reached ** piety under Sif Muna
 11787 | D:9      | Noticed Pikel
 11792 | D:9      | Killed Pikel
 11793 | D:9      | Reached skill level 1 in Ice Magic
 11911 | D:9      | Found an ornate altar of the Wu Jian Council.
 11911 | D:9      | Found a radiant altar of Vehumet.
 11918 | D:9      | Found a hide-covered altar of Uskayaw.
 11923 | D:9      | Found a faded altar of an unknown god.
 11925 | D:9      | Found a faded altar of an unknown god.
 12281 | D:9      | Noticed Jeremiah
 12294 | D:9      | Killed Jeremiah
 12499 | D:9      | Found a blossoming altar of Fedhas.
 12520 | D:9      | Noticed an oklob plant
 12537 | D:9      | Killed an oklob plant
 12657 | D:9      | Reached skill level 5 in Ice Magic
 12985 | D:10     | Entered Level 10 of the Dungeon
 13243 | D:10     | Noticed a cyclops
 13252 | D:10     | Killed a cyclops
 13279 | D:10     | Noticed a centaur warrior
 13511 | D:10     | Killed a centaur warrior
 13512 | D:10     | Reached skill level 10 in Conjurations
 13512 | D:10     | Reached XP level 11. HP: 83/83 MP: 11/21
 13518 | D:10     | Learned a level 5 spell: Freezing Cloud
 13766 | D:10     | Found a staircase to the Lair.
 13827 | D:10     | Noticed Joseph
 13846 | D:10     | Killed Joseph
 13944 | D:10     | Found a white marble altar of Elyvilon.
 14967 | Lair:1   | Entered Level 1 of the Lair of Beasts
 15043 | Lair:1   | Reached skill level 11 in Conjurations
 15047 | Lair:1   | Killed from afar by a rime drake

Illustrated notes

Levels and vault maps discovered:
D:1:      nzn_arrival_crosshair, layout_loops_corners,
          hellmonk_ecumenical_altar_watching_god
D:2:      layout_rooms
D:3:      layout_basic, gammafunk_ghost_abyssal_escape, corexii_corridor_pit
D:4:      layout_loops_ring, gammafunk_ghost_split, supply_closet_lemuel
D:5:      layout_basic, ashenzari_conservatory_becter, gammafunk_ghost_split
D:6:      layout_cave_pools, nicolae_dithmenos_through_a_glass_darkly,
          minmay_temple_entry_trees, uniq_sigmund
D:7:      layout_layer_cave, slow_altar_1
D:8:      layout_rooms, nrook_mini_backslash, uniq_psyche
D:9:      layout_loops_corners, tgw_fedhas, chequers_temple_overflow_minitemple,
          uniq_pikel, uniq_jeremiah
D:10:     dreamdust_cave_troll, layout_layer_cave, elyvilon_altar_1,
          hellmonk_lair_entry_icy, nicolae_fountain_basement, uniq_joseph
Temple:   zaba_magenta_temple
Lair:1:   layout_cave_pods, infiniplex_staircase_pool_2, grunt_megastairs_1

Skill      XL: |  1  2  3  4  5  6  7  8  9 10 11 |
---------------+----------------------------------+-----
Spellcasting   | 3 4 5 7 |  7.1
Air Magic      | 1 2 4 5 7 |  7.4
Conjurations   | 5 6 8 9 10 11 | 11.0
Hexes          | 2 5 |  5.0
Invocations    | 5 |  5.0
Fighting       | 3 |  3.7
Ice Magic      | 5 |  5.0
Dodging        | |  1.7
Stealth        | |  1.7

Action                     |  1- 3 |  4- 6 |  7- 9 | 10-12 || total
---------------------------+-------+-------+-------+-------++-------
  Melee: Unarmed           |     9 |       |       |       ||     9
         Tailslap          |     1 |     2 |       |       ||     3
         Short sword       |       |    18 |     1 |     1 ||    20
   Cast: Magic Dart        |    56 |    80 |   119 |    61 ||   316
         Searing Ray       |     1 |    16 |    73 |    36 ||   126
         Mephitic Cloud    |       |       |     7 |    11 ||    18
         Fulminant Prism   |       |       |    11 |    41 ||    52
         Freezing Cloud    |       |       |       |     1 ||     1
 Invoke: Channel Magic     |       |       |     1 |     1 ||     2
Ability: Breathe Acid      |       |       |     3 |     3 ||     6
  Evoke: Wand              |       |       |       |     1 ||     1
    Use: Scroll            |       |     6 |    11 |     4 ||    21
         Potion            |       |     1 |       |       ||     1
 Armour: Skin              |     2 |    31 |    71 |    36 ||   140
  Dodge: Dodged            |     9 |    31 |   122 |    32 ||   194

Table legend: (Time is in decaauts)
 A = Elapsed time spent in this place.
 B = Non-inter-level travel time spent in this place.
 C = Inter-level travel time spent in this place.
 D = Time resting spent in this place.
 E = Time spent auto-exploring this place.
 F = Levels seen in this place.
 G = Mean time per level.
                   A        B        C        D        E       F      G
               +--------+--------+--------+--------+--------+-----+--------+
         Total |  15084 |  14416 |    668 |   4875 |   7615 |  12 | 1257.0 |
       Dungeon |  14947 |  14297 |    650 |   4875 |   7561 |  10 | 1494.7 |
        Temple |     55 |     38 |     17 |      0 |      0 |   1 |   55.0 |
          Lair |     80 |     80 |      0 |      0 |     54 |   1 |   80.0 |
               +--------+--------+--------+--------+--------+-----+--------+

Top non-repeatable levels by time:
     D:9: 2662 daAuts
     D:5: 2231 daAuts
     D:7: 1807 daAuts
    D:10: 1560 daAuts
     D:6: 1488 daAuts
     D:8: 1363 daAuts
     D:1: 1236 daAuts
     D:3: 925 daAuts
     D:2: 898 daAuts
     D:4: 773 daAuts
  Lair:1: 80 daAuts
  Temple: 55 daAuts
